 Dungeon Crawl Stone Soup version 0.30-a0-46-g5a63ccc183 (webtiles) character file.

Game seed: 12810745567891159773

71 MudFish the Poker (level 4, -3/34 HPs)
             Began as a Merfolk Gladiator on Sept 2, 2022.
             Slain by an orc priest
             ... wielding a +0 mace
              (6 damage)
             ... on level 3 of the Dungeon.
             The game lasted 00:05:24 (2681 turns).

MudFish the Poker (Merfolk Gladiator)               Turns: 2681, Time: 00:05:24

Health: -3/34      AC:  6    Str: 19    XL:     4   Next: 24%
Magic:  4/4        EV: 14    Int:  9    God:
Gold:   131        SH:  0    Dex: 17    Spells: 3/3 levels left

rFire   . . .      SeeInvis .    a - +0 trident
rCold   . . .      Faith    .    (no shield)
rNeg    . . .      Spirit   .    b - +0 leather armour
rPois   +          Reflect  .    c - +0 helmet
rElec   .          Harm     .    n - +1 cloak of Pride {Rampage +Blink Str+5 Int+2 Stlth-}
rCorr   .          Rampage  +    (no gloves)
Will    .....                    (no boots)
Stlth   ..........               j - amulet of the acrobat
HPRegen 0.11/turn                h - ring of wizardry
MPRegen 0.09/turn                i - ring of poison resistance

@: no status effects
A: (nimble swimmer 2), mertail
a: Evoke Blink


You were on level 3 of the Dungeon.
You visited 1 branch of the dungeon, and saw 3 of its levels.

You collected 131 gold pieces.

Inventory:

Hand Weapons
 a - a +0 trident (weapon)
Missiles
 d - 3 throwing nets (quivered)
 e - a javelin
Armour
 b - a +0 leather armour (worn)
 c - a +0 helmet (worn)
 n - the +1 cloak of Pride (worn) {Rampage +Blink Str+5 Int+2 Stlth-}
   (You found it on level 2 of the Dungeon)

   Str:       It affects your strength (+5).
   Int:       It affects your intelligence (+2).
   +Blink:    It lets you blink.
   Rampage:   It bestows one free step when moving towards enemies.
   Stlth:     It makes you less stealthy.
Jewellery
 f - an amulet of regeneration
 h - a ring of wizardry (left hand)
 i - a ring of poison resistance (right hand)
 j - an amulet of the acrobat (around neck)
Scrolls
 m - a scroll of magic mapping
 p - a scroll of teleportation
 q - a scroll of acquirement {unknown}
 r - a scroll of enchant weapon {unknown}
Potions
 g - a potion of brilliance
 k - a potion of curing {unknown}
 l - 2 potions of lignification {unknown}
 o - a potion of cancellation {unknown}


   Skills:
 + Level 2.4 Fighting
 * Level 5.5 Polearms
 - Level 2.1 Throwing
 * Level 5.0 Dodging
 - Level 0.5 Stealth


You had 3 spell levels left.
You didn't know any spells.
Your spell library contained the following spells:

 Spells                   Type           Power      Damage    Failure   Level
 Sting                    Tmut/Pois      0%         1d3       19%         1
 Poisonous Vapours        Pois/Air       0%         N/A       28%         2
 Olgreb's Toxic Radiance  Pois           0%         N/A       86%         4


Dungeon Overview and Level Annotations

Branches:
Dungeon (3/15)

Altars:


Innate Abilities, Weirdness & Mutations

((You are very nimble when in or above water. (Stealth+, EV+, Speed+++)))
Your lower body shifts to a powerful aquatic tail in water.


Message History

You're too confused to move!
You feel less confused. The orc wizard casts a spell at you.
The magic dart hits you. The orc closely misses you.
You closely miss the orc wizard. The orc wizard barely misses you.
The orc closely misses you.
You closely miss the orc wizard.
The orc wizard gestures at you while chanting.
You are confused.
The orc barely misses you.
You barely miss the orc wizard.
The orc wizard casts a spell.
The orc wizard flickers and vanishes!
Deactivating autopickup; reactivate with Ctrl-A.
The orc closely misses you.
You miss something. Something hits you but does no damage.
The orc hits you with a +0 whip.
You bump into the rock wall.
Something hits you. The orc hits you with a +0 whip.
You barely miss something. Something hits you.
The orc hits you but does no damage.
You barely miss something. Something hits you. The orc barely misses you.
You barely miss something. Something hits you.
* * * LOW HITPOINT WARNING * * *
The orc hits you with a +0 whip.
* * * LOW HITPOINT WARNING * * *
You feel less confused. The orc completely misses you.
Something unexpectedly blocked you, preventing you from rampaging!
You hit something. Something hits you but does no damage.
The orc priest misses you. The orc barely misses you.
Something unexpectedly blocked you, preventing you from rampaging!
You barely miss something.
The orc priest hits you but does no damage.
You hear some strange, mumbled words.
A puff of flame appears from out of thin air!
The puff of flame misses you. The orc hits you with a +0 whip.
* * * LOW HITPOINT WARNING * * *
You fail to use your ability.
The orc priest hits you with a +0 mace.
You die...

. ###..#.......
.. #
#...<......# .#
.#..
###...#...#.##
.#..#..
..)..##...#.#
.#.....
..†.####..#.#
.#...# #####
#....#####....#
#
##......†.....#
#
#..........o.#.
#. #
#.###...##@o.#
.. ...
##..##{#.# .#
#.#
#...##o#.#.####
...
#.....†)o......
##
#...............
.....###........
#..)## #........
.. #........ .
#........


You could see an orc priest and 2 orcs.

Vanquished Creatures
  2 worms (D:2)
  2 dart slugs
  An orc (D:3)
  8 ball pythons
  6 endoplasms
  3 giant cockroaches
  4 goblins
  7 hobgoblins
  A quokka (D:2)
  4 bats
  6 frilled lizards
  6 kobolds
  5 rats (D:1)
55 creatures vanquished.

Notes
Turn   | Place    | Note
-------+----------+-------------------------------------------
     0 | D:1      | MudFish the Merfolk Gladiator began the quest for the Orb.
     0 | D:1      | Reached XP level 1. HP: 16/16 MP: 1/1
   162 | D:1      | Reached XP level 2. HP: 16/22 MP: 2/2
   249 | D:1      | Found a faded altar of an unknown god.
   703 | D:1      | Reached XP level 3. HP: 27/27 MP: 3/3
   731 | D:1      | Reached skill level 5 in Polearms
  1710 | D:2      | Identified the +1 cloak of Pride {Rampage +Blink Str+5
                  | Int+2 Stlth-}
  2338 | D:2      | Reached XP level 4. HP: 33/33 MP: 4/4
  2655 | D:3      | Reached skill level 5 in Dodging
  2681 | D:3      | Slain by an orc priest

Illustrated notes

Levels and vault maps discovered:
D:1:      dpeg_arrival_signposts, layout_loops_corners,
          nicolae_ecumenical_snake_handling
D:2:      layout_basic
D:3:      layout_rooms, uniq_grinder

Skill      XL: |  1  2  3  4 |
---------------+-------------+-----
Polearms       | 5 |  5.5
Dodging        | 5 |  5.0
Fighting       | |  2.4
Throwing       | |  2.1
Stealth        | |  0.5

Action                   |  1- 3 |  4- 6 || total
-------------------------+-------+-------++-------
Melee: Trident           |   121 |    39 ||   160
       Punch             |     1 |       ||     1
  Use: Scroll            |     4 |     3 ||     7
 Stab: Sleeping          |     7 |       ||     7
Armor: Leather armour    |     7 |    14 ||    21
Dodge: Dodged            |    55 |    25 ||    80

Table legend: (Time is in decaauts)
 A = Elapsed time spent in this place.
 B = Non-inter-level travel time spent in this place.
 C = Inter-level travel time spent in this place.
 D = Time resting spent in this place.
 E = Time spent auto-exploring this place.
 F = Levels seen in this place.
 G = Mean time per level.
                   A        B        C        D        E       F      G
               +--------+--------+--------+--------+--------+-----+--------+
         Total |   2686 |   2505 |    181 |      0 |   2094 |   3 |  895.3 |
       Dungeon |   2686 |   2505 |    181 |      0 |   2094 |   3 |  895.3 |
               +--------+--------+--------+--------+--------+-----+--------+

Top non-repeatable levels by time:
     D:1: 1412 daAuts
     D:2: 1047 daAuts
     D:3: 226 daAuts
